 Dungeon Crawl Stone Soup version 0.20-a0-870-g4070442 (webtiles) character file.

51 4thArraOfDagon the Insei (level 3, -1/29 HPs)
             Began as a Demonspawn Chaos Knight on Mar 13, 2017.
             Slain by a worker ant (6 damage)
             ... on level 4 of the Dungeon.
             The game lasted 00:03:13 (483 turns).

4thArraOfDagon the Insei (Demonspawn Chaos Knight)   Turns: 483, Time: 00:03:14

Health: -1/29      AC:  6    Str: 12    XL:     3   Next: 57%
Magic:  0/3        EV: 18    Int: 14    God:    Xom [..*...]
Gold:   66         SH:  0    Dex: 12    Spells: 2/2 levels left

rFire    + + .     SeeInvis .     - Unarmed
rCold    + + .     Gourm    .   (armour currently unavailable)
rNeg     + + +     Faith    .   (shield currently unavailable)
rPois    ∞         Spirit   .   (helmet currently unavailable)
rElec    +         Reflect  .   (cloak currently unavailable)
rCorr    +         Harm     .   (gloves currently unavailable)
MR       .....                  (boots currently unavailable)
Stlth    +.........             (amulet currently unavailable)
Regen    0.1/turn               (ring currently unavailable)
MPRegen  0.1/turn               (ring currently unavailable)

@: wisp-form, flying, very slightly contaminated, quick
A: (horns 0), MP-powered wands
a: Renounce Religion


You were on level 4 of the Dungeon.
You worshipped Xom.
You were a toy of Xom.
You were not hungry.
You were an insubstantial wisp.
You visited 1 branch of the dungeon, and saw 4 of its levels.

You collected 66 gold pieces.

Inventory:

Armour
 a - a +2 leather armour
 c - a +0 pair of boots (melded)
 g - a +0 chain mail (melded)
Wands
 f - a wand of polymorph (5/24)
Scrolls
 d - a scroll of identify
 e - a scroll of blinking {unknown}
 h - a scroll of teleportation {unknown}
 i - a scroll of enchant armour {unknown}
Comestibles
 b - a bread ration


   Skills:
 - Level 3.0 Fighting
 + Level 2.1 Armour
 + Level 1.6 Dodging
 * Level 3.6 Unarmed Combat


You had 2 spell levels left.
You didn't know any spells.

Dungeon Overview and Level Annotations

Branches:
Dungeon (4/15)
 Temple: D:4-7

Altars:
Ashenzari


Innate Abilities, Weirdness & Mutations

((You have a pair of horns on your head.))
You expend magic power (3 MP) to strengthen your wands.


Message History

You touch the worker ant but do no damage.
The worker ant misses you. The gnoll hits you with a whip.
You touch the worker ant.
The worker ant is moderately wounded.
The worker ant barely misses you. The gnoll misses you.
The worker ant misses you.
You touch the worker ant.
The worker ant is moderately wounded.
The gnoll misses you. The worker ant misses you.
You touch the worker ant but do no damage.
The worker ant is moderately wounded.
You almost hear Xom's maniacal laughter.
Nothing appears to happen.
The gnoll hits you with a whip.
* * * LOW HITPOINT WARNING * * *
The worker ant closely misses you.
You closely miss the worker ant.
The worker ant is moderately wounded.
The gnoll misses you. The worker ant bites you.
You die...
Xom chuckles heartily!

###########
#....gggv.#
#.#######a#
##### #.#
.# ##...
#.# .. ...#
#.# ...
..[# #.#
##..
...######g#
..#
..........#
...
...###...##


You could see a worker ant and 3 gnolls.

Vanquished Creatures
  A hound skeleton (D:4)
  An adder (D:3)
  A dart slug (D:3)
  3 leopard geckos
  A goblin (D:1)
  4 hobgoblins
  2 quokkas (D:3)
  3 bats
  2 frilled lizards (D:3)
  4 kobolds
  3 rats
25 creatures vanquished.

Notes
Turn   | Place    | Note
-------+----------+-------------------------------------------
     0 | D:1      | 4thArraOfDagon the Demonspawn Chaos Knight began the quest for the Orb.
     0 | D:1      | Reached XP level 1. HP: 18/18 MP: 1/1
    27 | D:1      | Reached skill level 1 in Dodging
    64 | D:1      | XOM: potion effect (agility)
   167 | D:2      | Gained mutation: You have a pair of small horns on your head. [demonic ancestry]
   167 | D:2      | Reached XP level 2. HP: 17/24 MP: 2/2
   211 | D:2      | XOM: divination: detect items
   258 | D:2      | XOM: harmless Summ miscast
   265 | D:3      | Found a shattered altar of Ashenzari.
   275 | D:3      | Gained mutation: You expend magic power (3 MP) to strengthen your wands. [potion of mutation]
   275 | D:3      | Gained mutation: You have a pair of horns on your head. [potion of mutation]
   347 | D:3      | XOM: silly message
   382 | D:3      | Reached XP level 3. HP: 12/29 MP: 3/3
   394 | D:3      | XOM: harmless Necr miscast
   482 | D:4      | XOM: harmless Tloc miscast
   483 | D:4      | Slain by a worker ant

Vault maps used:
D:1:      lightli_arrival_boilingwater
D:2:      minmay_snake_closets
D:3:      cheibrodos_ashenzari_chains
D:4:      marbit_many_paths, minmay_temple_entry_mist, first_bread

Skill      XL: |  1  2 |
---------------+-------+-----
Dodging        | 1 |  1.6
Unarmed Combat | 3 |  3.6
Armour         | 2 |  2.1
Fighting       | |  3.0

Action                   || total
-------------------------++-------
Melee: Unarmed           ||   113
       Headbutt          ||     8
Evoke: Wand              ||     1
  Use: Scroll            ||     2
       Potion            ||     3
 Stab: Sleeping          ||     1
       Invisible         ||     2
Armor: Leather armour    ||    13
       Chain mail        ||    30
Dodge: Dodged            ||    45
